 Dungeon Crawl Stone Soup version 0.31-a0-854-g362426d53f (webtiles) character file.

Game seed: 6561723913424510024

39 Shayle the Trooper (level 3, 0/28 HPs)
             Began as a Demonspawn Warper on Oct 9, 2023.
             Succumbed to an adder's poison
             ... on level 2 of the Dungeon.
             The game lasted 00:03:00 (1227 turns).

Shayle the Trooper (Demonspawn Warper)              Turns: 1227, Time: 00:03:00

Health: 0/28       AC:  5    Str: 11    XL:     3   Next: 26%
Magic:  6/6        EV: 10    Int: 16    God:
Gold:   101        SH:  0    Dex: 12    Spells: 7/7 levels left

rFire   . . .        a - +0 spear
rCold   . . .        (no shield)
rNeg    . . .        p - +0 ring mail
rPois   .            (no helmet)
rElec   .            (no cloak)
rCorr   .            (no gloves)
SInv    .            (no boots)
Will    .....        (no amulet)
Stlth   +            (no ring)
HPRegen 0.24/turn    (no ring)
MPRegen 0.10/turn

%: clarity
@: lethally poisoned (0 -> -7), hasted, very quick
A: ignite blood 1, clarity, evolution 1, inability to read after injury 1
a: no special abilities


You were on level 2 of the Dungeon.
You visited 1 branch of the dungeon, and saw 3 of its levels.

You collected 101 gold pieces.

Inventory:

Hand Weapons
 a - a +0 spear (weapon)
 o - the +3 whip of Keon {heavy, Contam rElec rC++ Will+}
   (You found it on level 2 of the Dungeon)

   rC++:      It greatly protects you from cold.
   rElec:     It insulates you from electricity.
   Will+:     It increases your willpower.
   Contam:    It causes magical contamination when unequipped.
Missiles
 d - 7 darts of dispersal (quivered)
Armour
 b - a +0 leather armour
 p - a +0 ring mail (worn)
Scrolls
 c - a scroll of blinking
 e - a scroll of fear {unknown}
 j - a scroll of identify {unknown}
 l - a scroll of brand weapon {unknown}
 m - a scroll of amnesia {unknown}
 n - a scroll of revelation {unknown}
 q - a scroll of vulnerability {unknown}
 r - 2 scrolls of immolation {unknown}
Potions
 f - a potion of brilliance {unknown}
 g - a potion of attraction {unknown}
 i - a potion of mutation


   Skills:
 + Level 2.7 Fighting
 - Level 1.7 Polearms
 - Level 0.8 Throwing
 + Level 1.7 Armour
 - Level 1.7 Dodging
 + Level 2.5 Spellcasting
 - Level 2.6 Translocations


You had 7 spell levels left.
You didn't know any spells.
Your spell library contained the following spells:

 Spells                   Type           Power      Damage    Failure   Level
 Blink                    Tloc           20%        N/A       24%         2
 Lesser Beckoning         Tloc           20%        N/A       24%         2
 Teleport Other           Tloc           10%        N/A       43%         3
 Manifold Assault         Tloc           10%        N/A       83%         4
 Vhi's Electric Charge    Tloc/Air       12%        N/A       95%         4


Dungeon Overview and Level Annotations

Branches:
Dungeon (3/15)

Altars:


Innate Abilities, Weirdness & Mutations

Your demonic aura sometimes causes spilled blood to erupt in flames.
You possess an exceptional clarity of mind.
You have hidden genetic potential.
You occasionally lose the ability to read scrolls when taking damage.


Message History

You feel a hidden potential growing inside you.
Your thoughts seem clearer.
* * * LOW HITPOINT WARNING * * *
You feel sick. The adder closely misses you.
It was a potion of curing.
You feel better. The adder bites you.
* * * LOW HITPOINT WARNING * * *
You barely miss the adder.
The adder is severely wounded.
The adder bites you but does no damage. x2
You closely miss the adder.
The adder is severely wounded.
The adder bites you but does no damage.
You barely miss the adder.
The adder is severely wounded.
The adder bites you but does no damage.
You closely miss the adder.
The adder is severely wounded.
The adder closely misses you. The adder completely misses you.
You hit the adder.
The adder is almost dead.
The adder barely misses you.
You hit the adder but do no damage.
The adder is almost dead.
The adder bites you.
You are poisoned.
The adder poisons you!
You hit the adder.
The adder is almost dead.
You feel sick. The adder bites you but does no damage. The adder misses you.
You barely miss the adder.
The adder is almost dead.
You feel sick. The adder barely misses you.
You closely miss the adder.
The adder is almost dead.
You feel sick. The adder bites you.
* * * LOW HITPOINT WARNING * * *
You are more poisoned.
The adder poisons you!
It was a potion of haste.
You feel yourself speed up.
You die...

##+## ##...##
##.....##
##.......##
#.........####...
+........@Sl.....
#.........####..=
##.......##
##.....## ##...##
####'##### ##
#........# #.###
#.##.###.# #.
#... #.#..###.#


You could see an adder and a frilled lizard.

Vanquished Creatures
  An adder (D:2)
  2 ball pythons
  4 endoplasms
  A giant cockroach (D:2)
  2 goblins (D:1)
  3 hobgoblins
  2 kobolds
  3 quokkas
  3 bats (D:1)
  2 frilled lizards (D:1)
  2 rats (D:2)
25 creatures vanquished.

Notes
Turn   | Place    | Note
-------+----------+-------------------------------------------
     0 | D:1      | Shayle the Demonspawn Warper began the quest for the Orb.
     0 | D:1      | Reached XP level 1. HP: 16/16 MP: 3/3
    95 | D:1      | Reached skill level 1 in Armour
   292 | D:1      | Gained mutation: Your demonic aura sometimes causes spilled
                  | blood to erupt in flames. [demonic ancestry]
   292 | D:1      | Reached XP level 2. HP: 21/22 MP: 5/5
   819 | D:2      | Reached XP level 3. HP: 21/28 MP: 6/6
  1043 | D:2      | You fall into a shaft and drop 1 floor!
  1077 | D:2      | Identified the +3 whip of Keon {heavy, Contam rElec rC++
                  | Will+}
  1123 | D:2      | Found a faded altar of an unknown god.
  1216 | D:2      | Gained mutation: You occasionally lose the ability to read
                  | scrolls when taking damage. [potion of mutation]
  1216 | D:2      | Gained mutation: You have hidden genetic potential. [potion
                  | of mutation]
  1216 | D:2      | Gained mutation: You possess an exceptional clarity of
                  | mind. [potion of mutation]
  1227 | D:2      | Succumbed to an adder's poison

Illustrated notes

Levels and vault maps discovered:
D:1:      amcnicky_arrival_gap_in_the_tavern_cellar, layout_loops_ring,
          minmay_hedge_maze, minmay_tromino_v2
D:2:      layout_loops_corners, shapermc_ecumenical_altar_gd, glass_columns_c
D:3:      layout_basic, uniq_terence

Skill      XL: |  1 |
---------------+----+-----
Armour         | 1 |  1.7
Fighting       | |  2.7
Polearms       | |  1.7
Throwing       | |  0.8
Dodging        | |  1.7
Spellcasting   | |  2.5
Translocations | |  2.6

Action                     || total
---------------------------++-------
  Melee: Spear             ||   124
    Use: Potion            ||     3
 Armour: Leather armour    ||    40
         Ring mail         ||    31
  Dodge: Dodged            ||    66

Table legend: (Time is in decaauts)
 A = Elapsed time spent in this place.
 B = Non-inter-level travel time spent in this place.
 C = Inter-level travel time spent in this place.
 D = Time resting spent in this place.
 E = Time spent auto-exploring this place.
 F = Levels seen in this place.
 G = Mean time per level.
                   A        B        C        D        E       F      G
               +--------+--------+--------+--------+--------+-----+--------+
         Total |   1228 |   1205 |     23 |      0 |    834 |   3 |  409.3 |
       Dungeon |   1228 |   1205 |     23 |      0 |    834 |   3 |  409.3 |
               +--------+--------+--------+--------+--------+-----+--------+

Top non-repeatable levels by time:
     D:1: 705 daAuts
     D:2: 514 daAuts
     D:3: 8 daAuts
